 Dungeon Crawl Stone Soup version 0.30-a0-365-ge7f957f1db (webtiles) character file.

Game seed: 14237250511783789072

3 qeuew the Chopper (level 1, 0/16 HPs)
             Began as a Demonspawn Gladiator on Nov 16, 2022.
             Slain by an adder (1 damage)
             ... on level 2 of the Dungeon.
             The game lasted 00:00:18 (130 turns).

qeuew the Chopper (Demonspawn Gladiator)             Turns: 130, Time: 00:00:18

Health: 0/16       AC:  4    Str: 14    XL:     1   Next: 41%
Magic:  1/1        EV: 12    Int:  9    God:
Gold:   19         SH:  0    Dex: 14    Spells: 0/0 levels left

rFire   . . .      SeeInvis .    a - +0 war axe
rCold   . . .      Faith    .    (no shield)
rNeg    . . .      Spirit   .    b - +0 leather armour
rPois   .          Reflect  .    c - +0 helmet
rElec   .          Harm     .    (no cloak)
rCorr   .          Rampage  .    (no gloves)
Will    .....                    (no boots)
Stlth   +.........               (no amulet)
HPRegen 0.22/turn                (no ring)
MPRegen 0.07/turn                (no ring)

@: no status effects
A: no striking features
a: no special abilities


You were on level 2 of the Dungeon.
You visited 1 branch of the dungeon, and saw 2 of its levels.

You collected 19 gold pieces.

Inventory:

Hand Weapons
 a - a +0 war axe (weapon)
Missiles
 d - 3 throwing nets (quivered)
 e - a javelin
Armour
 b - a +0 leather armour (worn)
 c - a +0 helmet (worn)
Potions
 f - a potion of mutation {unknown}


   Skills:
 + Level 2.0 Fighting
 + Level 2.7 Axes
 + Level 1.8 Throwing
 + Level 0.1 Armour
 + Level 2.7 Dodging


You couldn't memorise any spells.
You didn't know any spells.
Your spell library was empty.

Dungeon Overview and Level Annotations

Branches:
Dungeon (1/15)

Altars:

Shops:
D:2 =


Message History

You closely miss the goblin. The goblin closely misses you.
You closely miss the goblin.
An adder comes into view.
The goblin hits you with a +0 club. The adder closely misses you.
The goblin closely misses you.
The adder moves out of view.
You barely miss the adder. You barely miss the goblin. The adder bites you.
The goblin barely misses you. The adder barely misses you.
You barely miss the adder. You barely miss the goblin.
The adder closely misses you. The goblin closely misses you.
The adder bites you.
You are poisoned.
The adder poisons you!
You are too injured to fight recklessly!
You are too injured to fight recklessly!
You are too injured to fight recklessly!
You are too injured to fight recklessly!
You are too injured to fight recklessly!
You are too injured to fight recklessly!
You closely miss the adder. You barely miss the goblin.
You feel sick. The goblin closely misses you. The adder closely misses you.
The goblin misses you.
Unknown command.
You closely miss the adder. You hit the goblin.
You kill the goblin!
You feel sick. The adder barely misses you. The adder bites you.
* * * LOW HITPOINT WARNING * * *
Unknown command.
You closely miss the adder.
You feel sick.
You are no longer poisoned.
The adder barely misses you. The adder bites you but does no damage.
Unknown command.
Unknown command.
You barely miss the adder. The adder misses you. The adder bites you.
* * * LOW HITPOINT WARNING * * *
The adder completely misses you.
Unknown command.
You slash the adder!
The adder is almost dead.
You completely miss the adder. The adder bites you.
You die...

+###..... ...#.#.#.###
......# ...#.......
....... .....#.#..
####......# #....#...#
#.....#.<## ...#.#...#
###.#........
..#..#)#.#
#............
###..#.).###.#.#SS...#
......[†.#...8.8@8.#
##.....#......⌠.⌠.##
##.......#...8.∩.8#
##.......#..#$⌠.⌠.#
[...##......#8.8.8#
.#.###..#.######.....
<##.....#.# #!.....
.....#.# #......
.....#.# ...###


You could see 2 adders.

Vanquished Creatures
  A bat (D:2)
  A goblin (D:2)
  A kobold (D:2)
3 creatures vanquished.

Notes
Turn   | Place    | Note
-------+----------+-------------------------------------------
     0 | D:1      | qeuew the Demonspawn Gladiator began the quest for the Orb.
     0 | D:1      | Reached XP level 1. HP: 16/16 MP: 1/1
    46 | D:1      | You fall into a shaft and drop 1 floor!
   113 | D:2      | Found Ettu's Jewellery Boutique.
   130 | D:2      | Slain by an adder

Illustrated notes

Levels and vault maps discovered:
D:1:      evilmike_arrival_rings, layout_loops_ring
D:2:      layout_basic, serial_shops,
          nicolae_shop_temple_entry_statues_fountains, grunt_decor_junction,
          minmay_pentomino_s4

Action                   || total
-------------------------++-------
Melee: War axe           ||    16
Armor: Leather armour    ||     4
Dodge: Dodged            ||    18

Table legend: (Time is in decaauts)
 A = Elapsed time spent in this place.
 B = Non-inter-level travel time spent in this place.
 C = Inter-level travel time spent in this place.
 D = Time resting spent in this place.
 E = Time spent auto-exploring this place.
 F = Levels seen in this place.
 G = Mean time per level.
                   A        B        C        D        E       F      G
               +--------+--------+--------+--------+--------+-----+--------+
         Total |    135 |    135 |      0 |      0 |    100 |   2 |   67.5 |
       Dungeon |    135 |    135 |      0 |      0 |    100 |   2 |   67.5 |
               +--------+--------+--------+--------+--------+-----+--------+

Top non-repeatable levels by time:
     D:2: 89 daAuts
     D:1: 46 daAuts
